AoeStats
← MatzeAoE

Black Forest

503900990Analyzed
2v2 RM · 29d ago on Sep 2, 2026· 36m 48s· 4 players
Game mode
Random Map
Map size
Medium (4 player)
Population
200
Speed
Normal
Resources
Standard
Victory
Conquest
Starting age
Dark Age
Ending age
Imperial Age
RankedLock teamsTeams togetherTeam positionsShared explorationLock speedFull tech treeHidden civsTurbo modeCheats
Victory
Defeat
🇨🇴 Sicilians · Colombia
1480
+16
🇨🇴 Aztecs · Colombia
1479
+16
🇩🇪 Burgundians · Germany
1551
-19
🇩🇪 Hindustanis · Germany
1417
-13
VLC | GreenIsland
1:42 Loom
14:45 Feudal Age
19:16 Castle Age
17:37 Horse Collar
18:25 Double-Bit Axe
21:53 Heavy Plow
27:09 Bow Saw
27:36 Wheelbarrow
33:14 Imperial Age
30:57 Fletching
31:46 Scale Mail Armor
33:20 First Crusade
33:16 Chain Mail Armor
34:16 First Crusade
33:36 Elite Serjeant
33:45 Capped Ram
34:59 Plate Mail Armor
34:39 Forging
35:26 First Crusade
35:26 Conscription
35:13 Squires
34:58 Arson
36:21 Hand Cart
36:20 Siege Ram
VLC | SnowBall
1:16 Loom
11:48 Feudal Age
15:23 Castle Age
13:41 Double-Bit Axe
13:41 Horse Collar
17:10 Bow Saw
21:56 Wheelbarrow
21:33 Heavy Plow
26:35 Hand Cart
26:07 Town Watch
26:40 Hand Cart
29:06 Imperial Age
27:12 Gold Mining
27:12 Stone Mining
29:39 Gold Shaft Mining
28:54 Stone Mining
29:37 Fervor
29:48 Forging
29:39 Scale Mail Armor
29:15 Elite Jaguar Warrior
29:28 Capped Ram
30:50 Garland Wars
30:37 Gambesons
30:54 Squires
30:41 Arson
30:22 Siege Ram
31:41 Iron Casting
31:01 Eagle Warrior
31:39 Fletching
31:50 Padded Archer Armor
32:52 Chemistry
32:12 Ballistics
32:10 Chain Mail Armor
32:04 Elite Eagle Warrior
33:12 Stone Mining
33:24 Bodkin Arrow
33:44 Leather Archer Armor
34:29 Blast Furnace
33:59 Plate Mail Armor
33:04 Elite Skirmisher
35:12 Bracer
35:42 Plate Mail Armor
37:11 Conscription
MatzeAoE
5:16 Double-Bit Axe
12:48 Feudal Age
14:15 Bow Saw
15:09 Wheelbarrow
15:42 Fishing Lines
18:20 Gold Mining
18:26 Gillnets
19:05 Hand Cart
19:20 Caravan
19:55 Gold Shaft Mining
20:58 Town Watch
Red_Iffun
0:57 Loom
15:26 Feudal Age
15:56 Double-Bit Axe
16:30 Horse Collar
22:22 Castle Age
21:45 Fishing Lines
23:21 Bow Saw
24:04 Stone Mining
24:05 Gold Mining
25:12 Gillnets
29:00 Caravan
31:42 Heavy Plow
32:34 Wheelbarrow
31:45 Town Watch
33:48 Padded Archer Armor
37:00 Imperial Age
35:25 Grand Trunk Road
35:58 Hand Cart
36:38 Masonry
Connection lost

Rejoining the realm…

Still unreachable

The connection could not be restored.

Session expired

The server has moved on; the page needs a fresh start.